 Dungeon Crawl Stone Soup version 0.16-a0-1157-gec61f8e (webtiles) character file.

178396 Kashira the Prestidigitator (level 17, -1/102 HPs)
             Began as a Vine Stalker Berserker on Oct 7, 2014.
             Was an Elder of Trog.
             Slain by a wolf spider (9 damage)
             ... on level 5 of the Spider Nest on Oct 8, 2014.
             The game lasted 03:09:17 (25621 turns).

Kashira the Prestidigitator (VSBe)                 Turns: 25621, Time: 03:09:19

Health: -1/102     AC: 22    Str: 22 (23) XL:     17   Next: 87%
Magic:  0/33       EV: 17    Int:  8      God:    Trog [****..]
Gold:   1727       SH:  0    Dex: 19 (20) Spells: 0 memorised, 16 levels left

rFire  + . .     SeeInvis .     K - +9 executioner's axe (venom)
rCold  . . .     Clarity  +     Y - +3 plate armour {rF+}
rNeg   . . .     SustAb   .     (no shield)
rPois  +         Gourm    .     (helmet restricted)
rElec  +         Spirit   +     s - +0 cloak
rCorr  .         Warding  .     J - +0 pair of gloves
rMut   .         Stasis   .     (no boots)
MR     ++...                    y - amulet of regeneration
Stlth  ..........               P - +5 ring of evasion
                                F - ring "Cazoipa Taef" {rPois Dex+5}

@: very resistant to hostile enchantments, extremely unstealthy
A: antennae 1, fangs 3, clarity, regeneration 3, robust 1, electricity
resistance, weak 1, magic shield, antimagic bite, no device heal 3, rot immunity
a: Burn Spellbooks, Berserk, Trog's Hand, Brothers in Arms, Renounce Religion
}: 1/15 runes: decaying


You were on level 5 of the Spider Nest.
You worshipped Trog.
Trog was greatly pleased with you.
You were not hungry.

You visited 5 branches of the dungeon, and saw 33 of its levels.
You also visited: Labyrinth, Sewer, Bailey, Ice Cave and Volcano.

You collected 3864 gold pieces.
You spent 2137 gold pieces at shops.

Inventory:

Hand weapons
 v - a +3 antimagic battleaxe
 G - a +2 executioner's axe of flaming
 K - a +9 executioner's axe of venom (weapon)
Missiles
 u - 4 steel javelins (quivered)
Armour
 s - a +0 cloak (worn)
 J - a +0 pair of gloves (worn)
 Q - a +0 ring mail of cold resistance
 Y - a +3 plate armour of fire resistance (worn)
Magical devices
 a - a wand of polymorph (8)
 b - a wand of frost (20)
 h - a wand of disintegration (6)
 r - a wand of cold (2)
 z - a wand of digging (12)
 B - a wand of lightning (5)
 N - a wand of fire (8)
 S - a wand of confusion (20)
 T - a wand of digging (13)
 W - a wand of fire (5)
 X - a wand of lightning (5)
Comestibles
 c - 22 bread rations
 m - a chunk of jumping spider flesh
 n - a beef jerky
 R - 4 royal jellies
Scrolls
 e - a scroll of fear
 f - 5 scrolls of teleportation
 g - 6 scrolls of identify
 j - 3 scrolls of fog
 D - a scroll of remove curse
Jewellery
 d - an uncursed ring of see invisible
 p - an uncursed amulet of resist corrosion
 w - an uncursed amulet of resist mutation
 y - an amulet of regeneration (around neck)
 F - the ring "Cazoipa Taef" (left hand) {rPois Dex+5}
   (You bought it in a shop on level 4 of the Orcish Mines)

   [ring of poison resistance]

   It affects your dexterity (+5).
   It protects you from poison.
 H - the ring "Jusiri" {-Cast rF++ Slay+2 Stlth+}
   (You bought it in a shop on level 4 of the Orcish Mines)

   [ring of stealth]

   It affects your accuracy and damage with ranged weapons and melee attacks
   (+2).
   It greatly protects you from fire.
   It prevents spellcasting.
   It makes you more stealthy.
 M - a cursed -2 ring of evasion
 P - a +5 ring of evasion (right hand)
Potions
 i - 5 potions of agility
 k - 8 potions of might
 l - a potion of invisibility
 o - 5 potions of magic
 t - a potion of lignification
 A - 2 potions of brilliance
 C - 15 potions of curing
 E - a potion of resistance
 L - a potion of cure mutation
Books
 I - a book of Battle

   Spells                             Type                      Level
   Infusion                           Charms                       1
   Shroud of Golubria                 Charms/Translocation         2
   Song of Slaying                    Charms                       2
   Spectral Weapon                    Hexes/Charms                 3
   Regeneration                       Charms/Necromancy            3
   Trog disapproves of the use of such an item.
Miscellaneous
 q - a crystal ball of energy
 x - a sack of spiders {used: 4}
 O - a plain deck of defence {the Elixir}


   Skills:
 - Level 12.0 Fighting
 - Level 13.7 Axes
 - Level 13.5 Armour
 + Level 11.8 Dodging
 - Level 1.5 Stealth
 - Level 13.7 Evocations


You had 16 spell levels left.
You didn't know any spells.

Dungeon Overview and Level Annotations

Branches:
Dungeon (11/15)            Temple (0/1) D:4             Orc (4/4) D:11
    Elf (0/3) Orc:3          Lair (8/8) D:10          Swamp (5/5) Lair:6
 Spider (5/5) Lair:4        Slime (0/6) Lair:8

Altars:
Cheibriados
Elyvilon
Fedhas
Gozag
Kikubaaqudgha
Nemelex Xobeh
Okawaru
Ru
Trog
Xom
Zin
Jiyva

Shops:
D:4 *   D:5 [!%*   D:9 =   Orc:3 =   Orc:4 ([*=

Annotations:
Orc:2 Sonja


Innate Abilities, Weirdness & Mutations

You have razor-sharp teeth.
You regenerate.
When hurt, damage is shared between your health and your magic reserves.
Your bite disrupts and absorbs the magic of your enemies.
Potions and wands cannot restore your health.
You are immune to rotting.
You have a pair of small antennae on your head.
You possess an exceptional clarity of mind.
You are robust (+10% HP).
You are resistant to electric shocks.
You are weak. (Str -2)


Message History

There is a stone staircase leading up here.
The wolf spider hits you!
* * * LOW HITPOINT WARNING * * *
The wolf spider bites you!
* * * LOW HITPOINT WARNING * * *
The trapdoor spider rages.
The wolf spider misses you.
The wolf spider bites you but does no damage.
The demonic crawler hits your trapdoor spider!
The demonic crawler closely misses your trapdoor spider.
The demonic crawler hits your trapdoor spider!
Your trapdoor spider dies!
Your trapdoor spider's corpse disappears in a puff of smoke!
You feel you are being watched by something.
Something completely misses you. Something hits you.
* * * LOW HITPOINT WARNING * * *
Something stings you but does no damage.
The orb spider bites your trapdoor spider.
The wolf spider hits you!
You die...

*,,,,,,,,,,,,,....,,,,,,,***
*,,,,,,,,,...........,,,,,,*
*,,,,,,.............#.,,,,,*
*,,,,,.....%............,,,*
*,,,,....................,,*
*,,,........^.............,*
*,,......(.................*
*,,......^.....{.......^..#*
*,,.........^§§s@.........##
*,.........ss..s...^...^...##
*,......^..s(^^.............#
*,.........s..§....^......##**#
*,,.......s.............^..##.#
*,,......^..............^...^.##
,,,.?.........^............#..^##
,,,,......§............^........#
,,,,,..................^........#


You could see a demonic crawler (unaware), a wolf spider (berserk), an orb
spider, a trapdoor spider (berserk), 2 friendly trapdoor spiders and a friendly
redback.

Vanquished Creatures
  the Lernaean hydra (Swamp:5)
  Agnes (Spider:4)
  Donald (Swamp:3)
  A ghost moth (Spider:2)
  2 emperor scorpions
  A minotaur (Lab)
  Harold (Lair:8)
  15 hydras
  A shambling mangrove (Swamp:4)
  Nessos (Spider:1)
  Erica (Lair:3)
  8 alligators
  A spriggan (Swamp:3)
  A catoblepas (Lair:5)
  An ice devil (IceCv)
  7 swamp dragons (Swamp:5)
  8 orb spiders
  A necromancer (IceCv)
  Pikel (D:8)
  6 orc knights
  A hill giant (D:10)
  16 wolf spiders
  4 orc sorcerers
  4 red wasps
  2 griffons
  The ghost of RobertPalmer the Basher, an experienced OpMo (D:6)
  4 ugly things (Swamp:5)
  5 black mambas
  An oklob plant (Lair:5)
  4 moths of wrath
  An orange demon (Orc:4)
  Joseph (D:8)
  29 elephants
  2 gargoyles (Volcano)
  A torpor snail (Spider:1)
  8 komodo dragons
  17 spiny frogs
  4 fire drakes
  5 blue devils (IceCv)
  10 demonic crawlers
  A troll (D:10)
  7 polar bears
  19 blink frogs
  11 bog bodies
  Prince Ribbit (Orc:1)
  A fire vortex (Volcano)
  13 jumping spiders
  8 ravens
  7 giant leeches
  15 slime creatures
  3 wandering mushrooms (Lab)
  11 trapdoor spiders
  5 baby alligators
  4 basilisks
  3 boulder beetles
  5 fire elementals (Volcano)
  9 hogs (Lair:8)
  12 tarantellas
  32 yaks
  3 wyverns
  9 hippogriffs
  18 redbacks
  Eustachio (Orc:1)
  A shadow (Swamp:2)
  Grum (D:9)
  37 wolves
  2 deep elf magi
  4 vampire mosquitoes (Swamp:1)
  A hill giant skeleton (D:9)
  18 swamp worms
  24 wargs
  Edmund (D:8)
  2 soldier ants (D:9)
  The ghost of Kashira the Chopper, an average VSBe of Trog (D:3)
  12 ice beasts
  17 porcupines
  33 orc warriors
  23 swamp drakes
  18 water moccasins
  4 hell hounds (Lair:8)
  5 yellow wasps
  2 slaves (D:8)
  8 black bears
  5 phantoms
  3 sky beasts
  7 centaurs
  31 spiders
  A manticore skeleton (D:10)
  4 boring beetles
  11 crocodiles
  10 ogres
  17 giant frogs
  2 warg zombies (D:8)
  3 jellies
  6 scorpions
  4 insubstantial wisps (Swamp:1)
  A wyvern skeleton (D:8)
  A water moccasin skeleton (D:6)
  10 killer bees
  5 electric eels
  3 draconian simulacra (IceCv)
  4 crimson imps
  A quasit (D:11)
  A centaur zombie (D:9)
  6 goliath beetles
  13 orc priests
  3 wights (D:5)
  30 hounds
  27 orc wizards
  A giant frog skeleton (D:11)
  12 iguanas
  6 orange rats (Lair:8)
  8 sheep
  7 worker ants
  3 troll simulacra (IceCv)
  A big kobold zombie (D:9)
  2 centaur simulacra (IceCv)
  Ijyb (D:5)
  An ogre skeleton (D:8)
  A hound skeleton (D:3)
  A worker ant zombie (D:9)
  A naga simulacrum (IceCv)
  33 adders
  13 gnolls (Bailey)
  112 green rats
  An ogre simulacrum (IceCv)
  4 shadow imps
  5 giant mites
  3 worms
  2 iguana zombies
  2 orc skeletons
  15 orc zombies
  5 giant geckos
  An ooze (D:1)
  137 orcs
  14 bats
  7 giant cockroaches
  19 goblins
  22 hobgoblins
  23 jackals
  13 ball pythons
  8 giant newts
  2 giant spores
  26 kobolds
  20 quokkas
  A quokka skeleton (D:8)
  38 rats
  A rat zombie (D:7)
  9 ballistomycetes
  10 fungi
  4 plants
1396 creatures vanquished.

Vanquished Creatures (collateral kills)
  Arachne (Spider:2)
  Frances (Spider:4)
  Louise (Spider:5)
  An orc warlord (Orc:4)
  The ghost of RobertPalmer the Unseen, a powerful OpGl of Dithmenos (Swamp:2)
  4 hydras
  A shambling mangrove (Swamp:3)
  2 death yaks (Lair:8)
  4 orc high priests (Orc:4)
  A sun demon (Orc:4)
  A catoblepas (Lair:7)
  An iron troll (Lair:1)
  A soul eater (Orc:4)
  2 ice devils (IceCv)
  4 swamp dragons
  8 orb spiders
  3 ice statues (IceCv)
  An orc knight (Orc:4)
  A wolf spider (Spider:5)
  A sixfirhy (Orc:4)
  2 orc sorcerers (Orc:4)
  An iron devil (Orc:4)
  A spiny frog (Swamp:1)
  A demonic crawler (Spider:4)
  A jumping spider (Spider:4)
  A troll (Orc:4)
  4 slime creatures
  A blue devil (IceCv)
  2 ravens (Swamp:3)
  3 bog bodies
  3 spriggans (Swamp:4)
  3 vampire mosquitoes (Swamp:2)
  3 swamp worms
  A water moccasin (Swamp:1)
  2 ice beasts (IceCv)
  10 orc warriors
  3 yellow wasps (Swamp:4)
  4 orc priests (Orc:4)
  9 orc wizards (Orc:4)
  3 green rats
  13 orcs
111 creatures vanquished.

Vanquished Creatures (others)
  A hill giant (Lair:8)
  A jumping spider (Spider:4)
  2 trolls
  A fire vortex (Volcano)
  4 two-headed ogres
  A bog body (Swamp:5)
  6 trapdoor spiders (Spider:5)
  2 redbacks (Spider:5)
  A slave (D:8)
  A spider (Spider:5)
  17 ogres
  A human (D:4)
  A centaur (D:8)
  A giant frog zombie (D:8)
  A hound (D:8)
  An orc zombie (D:8)
  6 orcs
  2 jackals (D:10)
  2 quokkas (D:8)
  2 giant spores
  An orc skeleton (D:10)
  A rat (D:8)
  A bush (Lair:8)
  4 fungi (Lair:8)
  A plant (Lair:8)
62 creatures vanquished.

Grand Total: 1569 creatures vanquished

Notes
Turn   | Place    | Note
--------------------------------------------------------------
     0 | D:1      | Kashira, the Vine Stalker Berserker, began the quest for the Orb.
     0 | D:1      | Reached XP level 1. HP: 11/11 MP: 1/1
   139 | D:1      | Reached skill level 3 in Axes
   139 | D:1      | Reached XP level 2. HP: 13/16 MP: 3/3
   479 | D:2      | Found a blossoming altar of Fedhas.
   594 | D:2      | Reached XP level 3. HP: 15/20 MP: 4/4
  1162 | D:2      | Reached XP level 4. HP: 21/24 MP: 5/5
  1202 | D:2      | Acquired Trog's second power
  1700 | D:3      | Noticed Kashira's ghost (average VSBe)
  1781 | D:3      | Noticed an ogre
  1813 | D:3      | Killed an ogre
  1813 | D:3      | Reached skill level 1 in Stealth
  1813 | D:3      | Reached XP level 5. HP: 28/28 MP: 7/7
  1819 | D:3      | Killed Kashira's ghost
  1819 | D:3      | Gained mutation: You heal very quickly. [vine stalker growth]
  1819 | D:3      | Reached XP level 6. HP: 33/33 MP: 8/8
  1878 | D:3      | Noticed a sky beast
  1888 | D:3      | Killed a sky beast
  1895 | D:3      | Gained mutation: You possess an exceptional clarity of mind. [mutagenic meat]
  1896 | D:3      | Gained mutation: You are robust (+10% HP). [mutagenic meat]
  2320 | D:3      | Reached skill level 4 in Axes
  2324 | D:3      | Found an iron altar of Okawaru.
  2457 | D:3      | Reached XP level 7. HP: 40/40 MP: 9/9
  2725 | D:4      | Found a staircase to the Ecumenical Temple.
  2875 | D:4      | Found an ancient bone altar of Kikubaaqudgha.
  2884 | D:4      | Noticed a human
  2884 | D:4      | Killed a human
  3073 | D:4      | Gained mutation: You have razor-sharp teeth. [vine stalker growth]
  3073 | D:4      | Reached XP level 8. HP: 26/46 MP: 7/11
  3098 | D:4      | Found Gozag's Nutrition Petition.
  3099 | D:4      | Found an opulent altar of Gozag.
  3568 | D:5      | Entered Level 5 of the Dungeon
  3594 | D:5      | Reached skill level 1 in Evocations
  3637 | D:5      | Found Oqaikh's Assorted Antiques.
  3689 | D:5      | Bought a scroll of identify for 42 gold pieces
  3909 | D:5      | Noticed Ijyb
  3947 | D:5      | Killed Ijyb
  4101 | D:5      | Found Foexiac's Food Boutique.
  4169 | D:5      | Found Foutsips' Distillery.
  4178 | D:5      | Bought a potion of mutation for 35 gold pieces
  4178 | D:5      | Bought a potion of curing for 28 gold pieces
  4178 | D:5      | Bought a potion of curing for 28 gold pieces
  4179 | D:5      | Gained mutation: You are agile. (Dex +2) [potion of mutation]
  4179 | D:5      | Gained mutation: You are resistant to electric shocks. [potion of mutation]
  4186 | D:5      | Reached skill level 5 in Axes
  4199 | D:5      | Found Throast's Antique Armour Boutique.
  4222 | D:5      | Reached skill level 6 in Axes
  4410 | D:6      | Reached XP level 9. HP: 50/50 MP: 18/18
  4446 | D:6      | Reached skill level 7 in Axes
  4447 | D:6      | Noticed RobertPalmer's ghost (experienced OpMo)
  4474 | D:6      | Killed RobertPalmer's ghost
  4494 | D:6      | Acquired Trog's third power
  4494 | D:6      | Reached skill level 8 in Axes
  4682 | D:6      | Reached skill level 5 in Fighting
  4795 | D:6      | Found a glowing drain.
  4839 | Sewer    | Entered a sewer
  5307 | D:6      | Received a gift from Trog
  5964 | D:7      | Reached XP level 10. HP: 60/60 MP: 19/19
  5981 | D:7      | Found a flagged portal.
  6109 | D:7      | Found a glowing silver altar of Zin.
  6190 | Bailey   | Entered a bailey
  6347 | Bailey   | Received a gift from Trog
  6665 | D:7      | Noticed a shambling mangrove
  6665 | D:7      | a giant spore changed into a shambling mangrove
  6719 | D:8      | Noticed Pikel
  6722 | D:8      | Killed Pikel
  6753 | D:8      | Reached skill level 9 in Fighting
  6856 | D:8      | Found a snail-covered altar of Cheibriados.
  6916 | D:8      | Noticed Joseph
  6927 | D:8      | Killed Joseph
  7002 | D:8      | Reached skill level 10 in Fighting
  7306 | D:8      | Reached skill level 5 in Armour
  7306 | D:8      | Reached skill level 5 in Dodging
  7306 | D:8      | Reached XP level 11. HP: 69/69 MP: 17/21
  7309 | D:8      | Received a gift from Trog
  7585 | D:8      | Noticed an orc knight
  7606 | D:8      | Noticed an orc sorcerer
  7609 | D:8      | Killed an orc sorcerer
  7666 | D:8      | Found a sparkling altar of Nemelex Xobeh.
  7948 | D:8      | Killed an orc knight
  7988 | D:8      | Noticed an orc knight
  7998 | D:8      | Killed an orc knight
  8291 | D:8      | Received a gift from Trog
  8356 | D:8      | Noticed Edmund
  8365 | D:8      | Killed Edmund
  8404 | D:8      | Found a sacrificial altar of Ru.
  8409 | D:8      | Found a shimmering altar of Xom.
  8460 | D:9      | Found a shimmering altar of Xom.
  8480 | D:9      | Found Aqaipot's Jewellery Shoppe.
  9281 | D:9      | Noticed Grum
  9291 | D:9      | Killed Grum
  9410 | D:10     | Entered Level 10 of the Dungeon
  9513 | D:10     | Noticed a hill giant
  9531 | D:10     | Killed a hill giant
  9536 | D:10     | Gained mutation: You regenerate. [vine stalker growth]
  9536 | D:10     | Reached XP level 12. HP: 73/73 MP: 22/22
  9624 | D:10     | Found a staircase to the Lair.
  9963 | D:10     | Found a bloodstained altar of Trog.
 10156 | D:11     | Received a gift from Trog
 10611 | D:11     | Found a staircase to the Orcish Mines.
 11067 | Lair:1   | Entered Level 1 of the Lair of Beasts
 11180 | Lair:1   | Found a frozen archway.
 11233 | IceCv    | Entered an ice cave
 11564 | IceCv    | Reached skill level 10 in Armour
 11971 | Lair:1   | Noticed a six-headed hydra
 11972 | Lair:1   | a six-headed hydra changed into an iron troll
 12840 | Lair:2   | Reached skill level 11 in Armour
 12840 | Lair:2   | Reached XP level 13. HP: 79/79 MP: 23/23
 12897 | Lair:2   | Noticed a four-headed hydra
 12903 | Lair:2   | Killed a five-headed hydra
 13583 | Lair:3   | Received a gift from Trog
 13635 | Lair:3   | Reached skill level 12 in Armour
 13894 | Lair:3   | Noticed Erica
 13904 | Lair:3   | Killed Erica
 13975 | Lair:4   | Found a labyrinth entrance.
 13990 | Lab      | Entered a labyrinth
 14072 | Lab      | Noticed a minotaur
 14088 | Lab      | Killed a minotaur
 14162 | Lair:4   | Found a hole to the Spider Nest.
 14666 | Lair:5   | Reached skill level 13 in Armour
 14775 | Lair:5   | Got a slimy lead ring
 14780 | Lair:5   | Identified the ring of Moodiness {-Cast rF+} (You found it on level 5 of the Lair of Beasts)
 15347 | Lair:6   | Received a gift from Trog
 15407 | Lair:6   | Reached XP level 14. HP: 70/84 MP: 19/24
 15653 | Lair:6   | Found a staircase to the Swamp.
 15871 | Lair:7   | Reached skill level 10 in Axes
 15968 | Lair:7   | Upgraded the game from 0.16-a0-1132-gad589c6 to 0.16-a0-1157-gec61f8e
 16179 | Lair:7   | Received a gift from Trog
 16346 | Lair:8   | Entered Level 8 of the Lair of Beasts
 16441 | Lair:8   | Reached skill level 5 in Evocations
 16536 | Lair:8   | Received a gift from Trog
 16808 | Lair:8   | Received a gift from Trog
 16881 | Lair:8   | Reached XP level 15. HP: 68/88 MP: 25/28
 17110 | Lair:8   | Noticed Harold
 17118 | Lair:8   | Killed Harold
 17118 | Lair:8   | Received a gift from Trog
 17141 | Lair:8   | Reached skill level 10 in Evocations
 17240 | Lair:8   | Identified Vounkacs' Grimoire of Exhibitionism
 17324 | Lair:8   | Found a viscous altar of Jiyva.
 17324 | Lair:8   | Found a staircase to the Slime Pits.
 17324 | Lair:8   | Noticed an acid blob
 17324 | Lair:8   | Noticed an acid blob
 17324 | Lair:8   | Noticed an acid blob
 17324 | Lair:8   | Noticed an acid blob
 17655 | Orc:1    | Entered Level 1 of the Orcish Mines
 17655 | Orc:1    | Noticed Prince Ribbit
 17679 | Orc:1    | Killed Prince Ribbit
 17759 | Orc:1    | Noticed Eustachio
 17761 | Orc:1    | Found a dark tunnel.
 17762 | Orc:1    | Killed Eustachio
 17770 | Volcano  | Entered a volcano
 18108 | Orc:1    | Received a gift from Trog
 18275 | Orc:2    | Noticed Sonja
 18413 | Orc:3    | Found a staircase to the Elven Halls.
 18505 | Orc:3    | Found a white marble altar of Elyvilon.
 18706 | Orc:3    | Found Plesag's Jewellery Emporium.
 18761 | Orc:4    | Entered Level 4 of the Orcish Mines
 19099 | Orc:4    | Received a gift from Trog
 19715 | Orc:4    | Found Reusee Tric's General Store.
 19716 | Orc:4    | Found Suripp's Jewellery Shop.
 19717 | Orc:4    | Found Qotoucs' Antique Armour Shop.
 19717 | Orc:4    | Found Mnuoff's Antique Weapon Boutique.
 19731 | Orc:4    | Bought 3 fruits for 54 gold pieces
 19731 | Orc:4    | Bought a scroll of recharging for 114 gold pieces
 19733 | Orc:4    | Bought the ring "Cazoipa Taef" {rPois Dex+5} for 525 gold pieces
 19733 | Orc:4    | Bought the ring "Jusiri" {-Cast rF++ Slay+2 Stlth+} for 607 gold pieces
 19733 | Orc:4    | Bought an uncursed amulet of faith for 560 gold pieces
 19766 | Orc:4    | Bought a shiny helmet for 144 gold pieces
 20105 | Swamp:1  | Entered Level 1 of the Swamp
 20298 | Swamp:2  | Received a gift from Trog
 20631 | Swamp:3  | Noticed Donald
 20635 | Swamp:3  | Killed Donald
 20635 | Swamp:3  | Reached XP level 16. HP: 84/93 MP: 27/32
 20738 | Swamp:2  | Noticed RobertPalmer's ghost (powerful OpGl)
 20747 | Swamp:2  | Killed RobertPalmer's ghost
 21749 | Swamp:5  | Entered Level 5 of the Swamp
 21826 | Swamp:5  | Received a gift from Trog
 21916 | Swamp:5  | Noticed the 27-headed Lernaean hydra
 21930 | Swamp:5  | Killed the 27-headed Lernaean hydra
 21962 | Swamp:5  | Got a decaying rune of Zot
 22219 | Swamp:5  | Gained mutation: Armour fits poorly on your strangely shaped body. [mutagenic meat]
 22220 | Swamp:5  | Gained mutation: You have a pair of small antennae on your head. [mutagenic meat]
 22221 | Swamp:5  | Lost mutation: Armour fits poorly on your strangely shaped body. [mutagenic meat]
 22228 | Swamp:5  | Lost mutation: You are agile. (Dex +2) [mutagenic meat]
 22229 | Swamp:5  | Gained mutation: You are weak. (Str -2) [mutagenic meat]
 22545 | Swamp:2  | Reached XP level 17. HP: 101/101 MP: 33/33
 22845 | Spider:1 | Entered Level 1 of the Spider Nest
 23268 | Spider:1 | Noticed Nessos
 23285 | Spider:1 | Killed Nessos
 23791 | Spider:2 | Noticed Arachne
 23810 | Spider:2 | Killed Arachne
 24335 | Spider:2 | Reached skill level 10 in Dodging
 24935 | Spider:4 | Received a gift from Trog
 24983 | Spider:4 | Noticed Agnes
 24995 | Spider:4 | Killed Agnes
 25234 | Spider:4 | Noticed Frances
 25240 | Spider:4 | Killed Frances
 25367 | Spider:5 | Entered Level 5 of the Spider Nest
 25606 | Spider:5 | Noticed Louise
 25617 | Spider:5 | Killed Louise
 25621 | Spider:5 | Slain by a wolf spider

Action                   |  1- 3 |  4- 6 |  7- 9 | 10-12 | 13-15 | 16-18 || total
-------------------------+-------+-------+-------+-------+-------+-------++-------
Melee: Hand axe          |    82 |    90 |   166 |       |       |       ||   338
       War axe           |       |       |   235 |       |       |       ||   235
       Battleaxe         |       |       |    48 |    50 |       |       ||    98
       Executioner's axe |       |       |       |   523 |  1050 |   651 ||  2224
Throw: Javelin           |       |       |       |       |     3 |     1 ||     4
Invok: Berserk           |       |     3 |    10 |    16 |     9 |     5 ||    43
       Trog's Hand       |       |     1 |     2 |     8 |     4 |     5 ||    20
       Brothers in Arms  |       |       |       |    10 |    13 |    27 ||    50
Evoke: Wand              |       |       |       |     7 |    12 |     5 ||    24
       Sack of spiders   |       |       |       |       |       |     6 ||     6
  Use: Scroll            |       |       |    15 |    12 |    21 |     9 ||    57
       Potion            |       |       |     2 |     3 |       |     1 ||     6
 Stab: Sleeping          |       |       |     1 |     1 |       |       ||     2
       Distracted        |       |       |       |     1 |       |       ||     1
       Confused          |       |       |       |       |       |     1 ||     1
  Eat: Chunk             |     1 |     4 |    20 |    30 |    39 |    28 ||   122
       Meat ration       |       |     1 |       |     2 |       |       ||     3
       Fruit             |       |       |     1 |     2 |       |       ||     3
       Pizza             |       |       |     1 |     1 |       |     1 ||     3
       Royal jelly       |       |       |       |       |     2 |     2 ||     4
       Beef jerky        |       |       |       |       |       |     1 ||     1
       Bread ration      |       |       |       |       |       |     1 ||     1
